 Dungeon Crawl Stone Soup version 0.25-a0-471-g78e40d7af6 (webtiles) character file.

Game seed: 4808207706845093741, levelgen mode: deterministic

16 Eurus the Conjurer (level 2, 0/21 HPs)
             Began as a Mummy Conjurer on Feb 6, 2020.
             Slain by a jackal (2 damage)
             ... on level 1 of the Dungeon.
             The game lasted 00:01:14 (566 turns).

Eurus the Conjurer (Mummy Conjurer)                  Turns: 566, Time: 00:01:14

Health: 0/21       AC:  2    Str: 11    XL:     2   Next: 37%
Magic:  1/6        EV: 12    Int: 14    God:
Gold:   0          SH:  0    Dex: 12    Spells: 4/7 levels left

rFire    x . .     SeeInvis .   b - +0 dagger
rCold    + . .     Gourm    .   (no shield)
rNeg     + + +     Faith    .   a - +0 robe
rPois    ∞         Spirit   .   (no helmet)
rElec    .         Reflect  .   (no cloak)
rCorr    .         Harm     .   (no gloves)
MR       .....                  (no boots)
Stlth    ++........             (no amulet)
HPRegen  0.07/turn              (no ring)
MPRegen  0.10/turn              (no ring)

@: no status effects
A: no food or potions, fire vulnerability, cold resistance 1, negative energy
resistance 3, torment resistance, unbreathing
a: no special abilities


You were on level 1 of the Dungeon.
You were not hungry.

You visited 1 branch of the dungeon, and saw 1 of its levels.

Inventory:

Hand Weapons
 b - a +0 dagger (weapon)
Armour
 a - a +0 robe (worn)


   Skills:
 + Level 1.0 Fighting
 - Level 1.5 Dodging
 - Level 1.5 Stealth
 + Level 3.1 Spellcasting
 + Level 3.4 Conjurations


You had 4 spell levels left.
You knew the following spells:

 Your Spells              Type           Power        Failure   Level  Hunger
a - Magic Dart            Conj           ##..         4%          1    N/A
b - Searing Ray           Conj           ##....       8%          2    N/A

Your spell library contained the following spells:

 Spells                   Type           Power        Failure   Level  Hunger
 Dazzling Flash           Conj/Hex       #.....       30%         3    N/A
 Fulminant Prism          Conj/Hex       #.........   71%         4    N/A
 Iskenderun's Mystic Bla  Conj/Tloc      #.......     71%         4    N/A

Dungeon Overview and Level Annotations

Branches:
Dungeon (1/15)

Altars:


Innate Abilities, Weirdness & Mutations

You do not eat or drink.
Your flesh is vulnerable to fire.
You are immune to poison.
Your flesh is cold resistant. (rC+)
You are immune to negative energy. (rN+++)
You are immune to unholy pain and torment.
You can survive without breathing.


Message History

You kill the jackal!
The jackal misses you.
You hit the jackal but do no damage. The jackal misses you.
You barely miss the jackal. The jackal closely misses you.
You hit the jackal but do no damage. The jackal barely misses you. x2
You barely miss the jackal. The jackal barely misses you.
You barely miss the jackal. The jackal closely misses you.
The jackal bites you.
* * * LOW HITPOINT WARNING * * *
You barely miss the jackal. The jackal bites you.
* * * LOW HITPOINT WARNING * * *
You hit the jackal.
The jackal is heavily wounded.
The jackal barely misses you.
A kobold comes into view. It is wielding a +0 dagger.
The kobold shouts!
You hit the jackal but do no damage.
The jackal is heavily wounded.
The jackal misses you. The jackal bites you.
You die...

#..#####..#####
#..#...#..#...# ...
##.#...#..#...# ...
#.#...'†.÷.>.# ..#
###†#...#..#...# ..#
##...#...####...# ..#
##.#..##'######'### ..#####
####.###....##..##h..##...†..h
....## #........@hh)..).#
####.###....##..##g..##.####.
##.#..##'#########.K......
##.#.#...####...#.#..###.
#.###...#..#...#.#..# #.#
#.<.'..'...#.##.# #.#
#...#..#...#.# ..
#.###...#..#...#.# ##
#...#####..#####.#


You could see 3 jackals, a goblin and a kobold.

Vanquished Creatures
  A dart slug (D:1)
  A leopard gecko (D:1)
  2 bats (D:1)
  2 hobgoblins (D:1)
  A jackal (D:1)
  2 kobolds (D:1)
  3 rats (D:1)
12 creatures vanquished.

Notes
Turn   | Place    | Note
-------+----------+-------------------------------------------
     0 | D:1      | Eurus the Mummy Conjurer began the quest for the Orb.
     0 | D:1      | Reached XP level 1. HP: 13/13 MP: 4/4
   285 | D:1      | Reached XP level 2. HP: 10/20 MP: 0/6
   349 | D:1      | Learned a level 2 spell: Searing Ray
   502 | D:1      | Reached skill level 1 in Fighting
   566 | D:1      | Slain by a jackal

Levels and vault maps discovered:
D:1:      dpeg_arrival_houses_and_road, layout_loops_ring

Skill      XL: |  1  2 |
---------------+-------+-----
Spellcasting   | 3 |  3.1
Fighting       | 1 |  1.0
Dodging        | |  1.5
Stealth        | |  1.5
Conjurations   | |  3.4

Action                   || total
-------------------------++-------
Melee: Unarmed           ||     2
       Dagger            ||    27
 Cast: Magic Dart        ||    25
       Searing Ray       ||     1
Armor: Robe              ||     4
Dodge: Dodged            ||    26

Table legend:
 A = Non-vault XP
 B = Vault XP
 C = Vault XP percentage of total XP
 D = Non-vault monster count
 E = Vault monster count
 F = Vault count percentage of total count
                 A         B        C        D         E       F
            +---------+---------+-------+---------+---------+-------
      Total |      23 |       0 |   0.0 |      12 |       0 |   0.0
            +---------+---------+-------+---------+---------+-------
        D:1 |      23 |       0 |   0.0 |      12 |       0 |   0.0
            +---------+---------+-------+---------+---------+-------
